Cogmind - Beta 16.1 @@@ ROGUE MODE // 2026.04.09 @ 05:09:39 Player: zacyquack Result: Destroyed by 41-VAF(R) with Subdweller Shrapnel Launcher Performance ------------- Evolutions (0) 0 Regions Visited (3) 600 Robots Destroyed (26) 130 Value Destroyed (636) 636 Prototype IDs (0) 0 Alien Tech Used (0) 0 Bonus (0) 0 TOTAL SCORE: 1366 Bonus ------- None Cogmind --------- Core Integrity 0/250 Matter 300/300 Energy 200/200 System Corruption 0% Temperature Cool (0) Movement Flying (117) Ox1 Location -10/Subcaves Parts ------- > --- POWER (1) -------- Subdweller Power Source > --- PROPULSION (2) --- Flight Unit Flight Unit > --- UTILITY (2) ------ Scrap Suit > --- WEAPON (2) ------- Datajack Makeshift Spear > --- INVENTORY (5) ---- Ion Engine Light Nuclear Core Hammer Mining Claw Peak State ------------ > --- POWER ------------ Light Nuclear Core > --- PROPULSION ------- Flight Unit Flight Unit > --- UTILITY ---------- Scrap Suit > --- WEAPON ----------- Datajack Makeshift Spear > --- INVENTORY -------- Ion Engine Grenade Launcher Mining Claw [Rating: 18] Favorites ----------- Power Ion Engine Engine Ion Engine Power Core Light Nuclear Core Propulsion Light Treads Treads Light Treads Flight Unit Flight Unit Utility Small Storage Unit Device Weight Redist. System Storage Small Storage Unit Processor Transport Network Coupler Weapon Light Assault Rifle Energy Gun Medium Laser Ballistic Gun Light Assault Rifle Launcher Grenade Launcher Slashing Weapon Mining Claw Piercing Weapon Makeshift Spear Special Melee Weapon Datajack Build | -11 -10 -10 -10 ------- Run | Yrd Mat Min Sub Slots Evolved . | . . . . Power . | . . . . Propulsion . | . . . . Utility . | . . . . Weapon . | . . . . Parts Attached 25 | 6 11 6 2 Power 4 | 1 . 2 1 Engine 3 | 1 . 1 1 Core 1 | . . 1 . Reactor . | . . . . Propulsion 8 | 2 3 3 . Treads 2 | 2 . . . Leg . | . . . . Wheel . | . . . . Hover . | . . . . Flight 6 | . 3 3 . Utility 4 | 1 2 . 1 Device 2 | . 1 . 1 Storage 1 | 1 . . . Processor 1 | . 1 . . Hackware . | . . . . Protection . | . . . . Artifact . | . . . . Weapon 9 | 2 6 1 . Energy Gun 1 | 1 . . . Energy Cannon . | . . . . Ballistic Gun 1 | 1 . . . Ballistic Cannon . | . . . . Launcher 3 | . 3 . . Special Weapon . | . . . . Impact Weapon . | . . . . Slashing Weapon 2 | . 2 . . Piercing Weapon 1 | . . 1 . Special Melee Weapon 1 | . 1 . . Unidentified Prototypes . | . . . . Parts Lost 6 | . . 5 1 Power 2 | . . 2 . Propulsion 2 | . . 2 . Utility 1 | . . 1 . Weapon 1 | . . . 1 Highest Loss Streak 3 | . . 3 1 To Critical Strikes . | . . . . Average Backups 4 | . 5 4 3 Power . | . 1 . 1 Propulsion 1 | . 1 . . Utility . | . . . . Weapon 1 | . 1 1 1 Tool/Special . | . . . . Unused Backups 5 | . 1 . 4 Power . | . . . . Propulsion 1 | . 1 . . Utility . | . . . . Weapon 4 | . . . 4 Tool/Special . | . . . . Average Slot Usage (%) 87 | . 88 82 83 Engine 12 | . 14 11 7 Core 1 | . . 1 6 Treads 14 | . 21 . . Flight 13 | . 7 25 28 Device 3 | . 3 . 8 Storage 7 | . 10 . . Processor 5 | . 3 14 5 Energy Gun 6 | . 8 . . Ballistic Gun 7 | . 10 . . Launcher 2 | . 3 2 . Slashing Weapon 6 | . 3 21 1 Piercing Weapon 2 | . . 3 11 Special Melee Weapon 3 | . 1 . 13 Peak Build Rating 18 | 6 8 12 18 Average Rating 7 | 4 6 7 14 On Entrance 6 | . 6 8 12 Avg Prop Armor Cover (%) . | . . . . Naked Turns . | . . . . Heaviest Build 14 | 13 14 11 12 Greatest Support 40 | 40 40 14 8 Greatest Overweight (x) 2 | . . 2 1 Average Overweight (x) . | . . . . Largest Inventory Capacity 8 | 8 8 5 5 Average Capacity 6 | 6 7 5 5 Most Carried 8 | 4 8 5 5 Average Carried 4 | 1 5 4 4 Final Capacity 8 | 8 5 5 5 Final Carried 5 | 1 5 5 4 Scrap Suit Usage (%) 9 | . . . 62 Parts Cannibalized 1 | . . . 1 Class Distribution -------------------- 82% | Mutant 9% | Scrapper 8% | Scavenger-Mutant Dominant Class ---------------- Mutant | -10/Materials Mutant | -10/Mines Scrapper | -10/Subcaves Resources | -11 -10 -10 -10 ----------- Run | Yrd Mat Min Sub Matter Collected 744 | 193 237 208 106 Remotely . | . . . . Salvage Created 685 | . 408 98 179 Parts 55 | . 31 11 13 Haulers Intercepted 2 | . 2 . . Recyclers Shooed 1 | . 1 . . Parts Field Recycled . | . . . . Retrieved Matter . | . . . . Parts Self-Destructed 6 | . . . 6 Prevented . | . . . . Parts Restored . | . . . . Kills | -11 -10 -10 -10 ------- Run | Yrd Mat Min Sub Combat Hostiles Destroyed 19 | . 10 5 4 Melee 7 | . . 3 4 Guns 2 | . 2 . . AOE 10 | . 8 2 . Classes Destroyed 7 | . 6 . 1 Worker 2 | . 2 . . Hauler 2 | . 2 . . Recycler 1 | . 1 . . Operator 2 | . 2 . . Swarmer 6 | . 3 3 . Grunt 9 | . 7 2 . Subdweller 4 | . . . 4 Best Kill Streak 10 | . 10 2 2 Combat Bots Only 7 | . 7 2 2 Max Kills in Single Turn 3 | . 3 1 1 Gunslinging . | . . . . Exploded 3 | . 3 1 . Melee 1 | . . 1 1 Uniques/NPCs Destroyed . | . . . . Combat | -11 -10 -10 -10 -------- Run | Yrd Mat Min Sub Hostile Shots Fired 86 | . 29 38 19 Missed 25 | . 10 10 5 Hits 61 | . 19 28 14 Projectile 61 | . 19 28 14 AOE 1 | . . . 1 Critical Strikes 2 | . 1 . 1 Damage Taken 869 | . 218 311 340 Core 261 | . 36 101 124 Absorbed by Shields . | . . . . Regen/Repaired (Parts) 1 | . . . 1 Core Remaining (%) 100 | 100 . . . Volleys Fired 35 | . 32 2 1 Largest 2 | . 2 2 1 Hottest 70 | . 70 60 30 Shots Fired 60 | . 55 4 1 Gun 38 | . 38 . . Cannon . | . . . . Launcher 22 | . 17 4 1 Special . | . . . . Kinetic 24 | . 24 . . Thermal 14 | . 14 . . Explosive 22 | . 17 4 1 Electromagnetic . | . . . . Robot Hit Streak 10 | . 10 . . Robot Miss Streak 4 | . 4 3 . Penetration Max . | . . . . Secondary Targets . | . . . . Shots Hit Robots 43 | . 29 8 6 Core Hits 38 | . 27 5 6 Critical Kills . | . . . . Critical Parts Destroyed . | . . . . Critical Strikes 5 | . 3 2 . Burn 3 | . 3 . . Impale 2 | . . 2 . Melee Attacks 44 | . 11 25 8 Impact . | . . . . Slashing 32 | . 11 17 4 Piercing 12 | . . 8 4 Sneak Attacks 1 | . 1 . . Combat Hostiles . | . . . . Follow-up Attacks 2 | . 1 1 . Damage Inflicted 1591 | . 1004 358 229 Guns 233 | . 233 . . Cannons . | . . . . Explosions 888 | . 676 152 60 Melee 454 | . 79 206 169 Ramming 16 | . 16 . . Kinetic 97 | . 97 . . Thermal 136 | . 136 . . Explosive 888 | . 676 152 60 Electromagnetic . | . . . . Impact . | . . . . Slashing 269 | . 79 93 97 Piercing 185 | . . 113 72 Highest Corruption . | . . . . Average Corruption . | . . . . Corruption Purged . | . . . . Corruption Blocked . | . . . . Overload Shots . | . . . . Overflow Damage 41 | . 24 17 . Projectiles . | . . . . Explosions . | . . . . Melee 41 | . 24 17 . Knockbacks . | . . . . Impact . | . . . . Kinetic . | . . . . Secondary . | . . . . Self-Inflicted Damage 64 | . 26 38 . Shots 3 | . 2 1 . Rammed 4 | . 4 . . Targets Rammed 4 | . 4 . . Kicked . | . . . . Crushed . | . . . . Highest Temperature 90 | . 90 6 . Average Temperature 23 | . 25 3 . Received Heat Transfer 171 | . 75 66 30 Siege Activations . | . . . . Martial Activations . | . . . . Shielding Activations . | . . . . Robots Disrupted . | . . . . Combat Hostiles . | . . . . Robots Corrupted . | . . . . Combat Hostiles . | . . . . Parts Fried . | . . . . Impact Corruptions . | . . . . Robots Melted . | . . . . Combat Hostiles . | . . . . Parts Melted . | . . . . Heat Transferred 629 | . 629 . . Parts Sabotaged . | . . . . Parts Stolen . | . . . . Parts Stripped . | . . . . Power Chain Reactions . | . . . . Alert | -11 -10 -10 -10 ------- Run | Yrd Mat Min Sub Maximum Alert Level 1 | . 1 . . Low Security (%) 93 | 100 91 100 . Level 1 6 | . 8 . . Level 2 . | . . . . Level 3 . | . . . . Level 4 . | . . . . Level 5 . | . . . . High Security . | . . . . Max Security . | . . . . Peak Influence 324 | . 324 173 . Initial 121 | . . 121 . Average 51 | . 35 138 . Influence Increases 626 | . 473 153 . Destroy 0b10 Robot/C 300 | . 200 100 . Destroy 0b10 Robot/NC 35 | . 35 . . Destroy Leader 64 | . 44 20 . Allied During Kill 3 | . . 3 . Successful Hack 6 | . 6 . . Disable Machine 60 | . 60 . . Destroy Structure 143 | . 113 30 . Lose Combat Pursuer 15 | . 15 . . Influence Decreases 626 | . 161 341 124 Entered New Map 256 | . . 191 65 Time Decay 320 | . 161 100 59 Lost Part 50 | . . 50 . Squads Dispatched 2 | . 2 . . Investigation 1 | . 1 . . Extermination . | . . . . Reinforcement 1 | . 1 . . Assault . | . . . . Garrison . | . . . . Intercept . | . . . . Searches Triggered . | . . . . Construction Impeded . | . . . . Haulers Reinforced . | . . . . Active Scanning Responses . | . . . . Cargo Convoy Interrupts . | . . . . Stealth | -11 -10 -10 -10 --------- Run | Yrd Mat Min Sub Distress Signals . | . . . . Communications Jammed . | . . . . Distress Signals . | . . . . Times Spotted 33 | . 22 5 6 Peak Tracking Total 4 | . 4 3 2 Tactical Retreats 1 | . 1 . . Traps | -11 -10 -10 -10 ------- Run | Yrd Mat Min Sub Traps Triggered . | . . . . Indirectly . | . . . . Trap Hack Attempts 32 | . 32 . . Triggered . | . . . . Disarmed 2 | . 2 . . Reprogrammed . | . . . . Reused . | . . . . Traps Extracted . | . . . . Installed . | . . . . Triggered . | . . . . Machines | -11 -10 -10 -10 ---------- Run | Yrd Mat Min Sub Machines Disabled 4 | . 4 . . Max in Single Turn 2 | . 2 . . Machines Repaired . | . . . . Machines Dismantled . | . . . . Machines Sabotaged . | . . . . Overloaded Fab Kills . | . . . . Hacking | -11 -10 -10 -10 --------- Run | Yrd Mat Min Sub Machines Accessed 4 | . 4 . . Terminals 3 | . 3 . . Fabricators . | . . . . Repair Stations . | . . . . Recycling Units 1 | . 1 . . Scanalyzers . | . . . . Garrison Access . | . . . . Total Hacks 11 | . 11 . . Successful 2 | . 2 . . Failed 9 | . 9 . . Catastrophic 2 | . 2 . . Database Lockouts . | . . . . Manual 8 | . 8 . . Terminals 10 | . 10 . . Fabricators . | . . . . Repair Stations . | . . . . Recycling Units 1 | . 1 . . Scanalyzers . | . . . . Garrison Access . | . . . . Terminal Hacks 1 | . 1 . . Transport Status 1 | . 1 . . Fabricator Hacks . | . . . . Repair Station Hacks . | . . . . Recycling Unit Hacks 1 | . 1 . . Report Inventory 1 | . 1 . . Scanalyzer . | . . . . Garrison Access Hacks . | . . . . Unauthorized Hacks . | . . . . Terminals . | . . . . Fabricators . | . . . . Repair Stations . | . . . . Recycling Units . | . . . . Scanalyzers . | . . . . Garrison Access . | . . . . Data Cores Recovered 1 | . 1 . . Used . | . . . . Hacking Detections 3 | . 3 . . Full Trace Events 2 | . 2 . . Feedback Events . | . . . . Feedback Blocked . | . . . . Robot Schematics Acquired . | . . . . Robots Built . | . . . . Authchips . | . . . . Time . | . . . . Total Robot Build Rating . | . . . . Part Schematics Acquired . | . . . . Parts Built . | . . . . Authchips . | . . . . Time . | . . . . Total Part Build Rating . | . . . . Part Studies Acquired . | . . . . Parts Repaired . | . . . . Time . | . . . . Parts Recycled . | . . . . Recycled Matter . | . . . . Retrieved Matter . | . . . . Retrieved Components . | . . . . Parts Scanalyzed . | . . . . Part Schematics Acquired . | . . . . Parts Damaged . | . . . . Bothacking | -11 -10 -10 -10 ------------ Run | Yrd Mat Min Sub Used RIF Installer . | . . . . Robots Hacked . | . . . . Non-combat . | . . . . Combat . | . . . . Robot Hacks Applied . | . . . . Relay Couplers Released . | . . . . Fabnet Peak Effective % . | . . . . Robots Rewired . | . . . . Allies Hacked . | . . . . Hacks Repelled . | . . . . Allies | -11 -10 -10 -10 -------- Run | Yrd Mat Min Sub Total Allies 1 | . . 1 . Largest Group 1 | . . 1 . Highest-Rated Group 31 | . . 31 . Highest-Rated Ally 31 | . . 31 . Total Orders . | . . . . Ally Attacks . | . . . . Total Damage . | . . . . Kills . | . . . . Allies Corrupted . | . . . . Allies Melted . | . . . . Intel | -11 -10 -10 -10 ------- Run | Yrd Mat Min Sub Active Infowar (turns) 523 | . 233 210 80 T.N.C. 523 | . 233 210 80 Robot Analysis Total . | . . . . Derelict Logs Recovered 1 | . . 1 . Drone Launches . | . . . . Drone Recoveries . | . . . . Exploration | -11 -10 -10 -10 ------------- Run | Yrd Mat Min Sub Turns Passed 1403 | 74 905 210 214 Spaces Moved 1243 | 43 772 291 137 Core 6 | 6 . . . Treads 391 | 37 354 . . Legs . | . . . . Wheels . | . . . . Hover . | . . . . Flight 846 | . 418 291 137 Fastest Speed 37 | 50 37 37 37 Average Speed 82 | 144 93 43 88 Slowest Speed 200 | 160 160 200 117 Overloaded Moves . | . . . . Propulsion Burnouts . | . . . . Robots Hopped 7 | . 3 4 . Potential Cave-ins 2 | . 2 . . Cave-ins Triggered . | . . . . Exploration Rate (%) 33 | 4 73 46 10 Regions Visited 3 Branch Regions 2 Pre-discovered Areas . | . . . . Known Exits Taken . | . . . . Unknown Exits Taken 3 | 1 1 1 . Scrap Searched 1 | . . 1 . Spaces Dug 10 | . 1 8 1 Terrain Destroyed 174 | . 122 44 8 Melee 10 | . 1 8 1 Projectile . | . . . . AOE 164 | . 121 36 7 Terrain Rammed . | . . . . Walls Destroyed . | . . . . Machines Disabled . | . . . . Actions | -11 -10 -10 -10 --------- Run | Yrd Mat Min Sub Total 1476 | 55 877 326 218 Wait 54 | . . 3 51 Move 1226 | 42 765 282 137 Hop 7 | . 3 4 . Pick Up 26 | 7 10 2 7 Fast Attach 5 | . 2 3 . Attach 12 | 6 . 2 4 Detach 1 | . . . 1 Swap 17 | . 11 3 3 Drop 17 | . 8 3 6 Fire 35 | . 32 2 1 Melee 40 | . 10 22 8 Ram . | . . . . Kick . | . . . . Crush 4 | . 4 . . Escape Stasis . | . . . . Rewire . | . . . . Trap 32 | . 32 . . Miscellaneous . | . . . . Route ------- -11/Scrapyard -10/Materials (discovered 3 exits: [*Mat x2] / [*Min]) -10/Mines (discovered 2 exits: [*Mat] / [*Sub]) -10/Subcaves History --------- Turn | Location | Event 10 | -11/Scrapyard | Discovered new exit (range 14) 75 | -11/Scrapyard | Entered Materials 160 | -10/Materials | Discovered new exit (range 8) 318 | -10/Materials | Build established: Mutant 527 | -10/Materials | Discovered new exit (range 15) 904 | -10/Materials | Discovered new exit (range 16) 926 | -10/Materials | Destroyed 7 combat bots 980 | -10/Materials | Entered Mines 1025 | -10/Mines | Found a Scrap Suit stashed away for nefarious purposes 1027 | -10/Mines | Found Scrap Suit 1040 | -10/Mines | Lost 3 parts (1p1n1u) 1041 | -10/Mines | Received a Mining Laser from a helpful Derelict 1099 | -10/Mines | Learned Materials garrison access intel 1130 | -10/Mines | A weapon hastily lodged in a ceiling crevice suddenly fell to the ground 1155 | -10/Mines | Discovered new exit (range 11) 1157 | -10/Mines | Discovered new exit (range 13) 1163 | -10/Mines | Core integrity fell below 50% 1190 | -10/Mines | Entered Subcaves 1191 | -10/Subcaves | Approached by a straggling Scientist 1404 | -10/Subcaves | Ambushed by Subdwellers from Twisted Machinery 1404 | -10/Subcaves | Destroyed by 41-VAF(R) with Subdweller Shrapnel Launcher Last Messages --------------- 01321_ Grenade Launcher destroyed. 01323_ Acquired 11 matter. 01328_ Z0-XZB(R) destroyed. 01331_ V6-7HU(R) affixes Scrap Shield Fragment to Scrap Shield. 01337_ V6-7HU(R) destroyed. 01344_ Acquired Hammer. 01346_ Dropped Hammer. 01354_ Acquired Hammer. 01355_ Dropped Hammer. 01355_ Dropped Mining Claw. 01361_ Scrap Suit cannibalized Sub. Power Source to repair Sub. Power Source. 01364_ Acquired Mining Claw. 01366_ Acquired Hammer. 01368_ Acquired 31 matter. 01370_ Acquired 3 matter. 3D-4BM(c): "I think it's somewhere west of here" 01404_ OF-KFP(R) emerges from the Twisted Machinery. Map ----- +----------------------------------------------------+ | ?????????????????????????????????????????????????? | | ?????????????????????????????????????????????????? | | ?????????????????????????????????????????????????? | | ?????????????????????????????????????????????????? | | ?????????????????????????????????????????????????? | | ?????????????????????????????????????????????????? | | ?????????????????????????????????????????????????? | | ?????????????????????????????????????????????????? | | ?????????????????????????????????????????????????? | | ?????????????????????????????????????????????????? | | ?????????????????????????????????????????????????? | | ?????????????????????????????????????????????????? | | ?????????????????????????????????????????????????? | | ????????????????????????????????""???????????????? | | ??????????????????????????????? R"???????????????? | | ?????????????????????????????? R???????????????? | | ?????????????????????????????? ????????????????? | | ?????????????????????##??????# ?? ??????????? | | ?????????????????????# ?????# #?# ????????? | | ????????????????????? ##### ?## ##?????? | | ????????????????????? #?# #?????? | | ?????????????????????? ### #?????? | | ??????????????????????? ## #??#??# | | ???????????????????????# #?# ## #??# | | ????????????????????????# ### ???# | | ????????????????????????#@ ????# | | ????????????????????????# ?????## | | ????????????????????????## #??????# | | ?????????????????????????# #?????## | | ?????????????????????????# ##????# | | ????????????????????????## #????# | | ????????????????????????# c ##?????## | | ????????????????????????# "" ##????###! | | ????????????????????????# "" ### #?#####!%&= | | ????????????????????????# "" #?# #?# & | | ????????????????????????# " ""#?# ### !* | | ????????????????????????# " ""#?# " | | ????????????????????????##""#" ""#?# # | | ?????????????????????????# ## ""#?# "########## | | ?????????????????????????# # ""#?## "#????????? | | ????????????????????????? "???## "#????????? | | ??????????????????????????" ?????# "#????????? | | ??????????????????????????? ## ?????## ????????? | | ???????????????????????????? ?? ??????####???????? | | ???????????????????????????????"?????????????????? | | ?????????????????????????????????????????????????? | | ?????????????????????????????????????????????????? | | ?????????????????????????????????????????????????? | | ?????????????????????????????????????????????????? | | ?????????????????????????????????????????????????? | +----------------------------------------------------+ Best States ------------- Heat Dissipation 25 Energy Generation 15 Energy Capacity 250 Matter Stores 300 Matter Capacity 300 Sight Range 16 Terrain Scan Density 10 Additional Mass Support 6 Evasion (%) 62 Recoil Reduction 2 Item Schematics ----------------- None Robot Schematics ------------------ None Fabricated ------------ Nothing Repaired ---------- Nothing Studied --------- None Alien Tech Used ----------------- None Achievements -------------- Part-time Excavator Challenges ------------ None Game ------ Seed ProcessingFireDesublimator Manual? 0 Play Time 00:22:46 Cumulative 13.6 hours Start 2026.04.09 @ 04:44:42 End 2026.04.09 @ 05:09:39 Sessions 1 Manual Loads 0 Difficulty Rogue Special Mode None Game No. 24 Rogue 24 Adventurer 0 Explorer 0 Win Type - Total 0 Types 0/0/0/0/0/0/0/0/0/0 Lore% 10 Gallery% 15 Achievement% 15 Wizard Run 0 Options --------- Layout 1 ASCII 0 Keyboard 0 Movement Mouse Keybinds 0 Fullscreen 1 Font 32/SmallcapsGlow Map View 50x35 Zoom Use 0% Tactical HUD 1 Map Filters NONE Filters NONE Steam 1 RUN: 08c769e2-2bfa-43cc-8753-97a2820a20e5